 Dungeon Crawl Stone Soup version 0.26-a0-252-gb32a1a6195 (webtiles) character file.

Game seed: 7884917753538494498

56 BritishOli the Ducker (level 3, 0/28 HPs)
             Began as a Demonspawn Gladiator on July 9, 2020.
             Slain by an orc wizard
             ... wielding a +0 dagger
              (1 damage)
             ... on level 3 of the Dungeon.
             The game lasted 00:01:20 (1973 turns).

BritishOli the Ducker (Demonspawn Gladiator)        Turns: 1973, Time: 00:01:21

Health: 0/28       AC:  5    Str: 15    XL:     3   Next: 69%
Magic:  3/3        EV: 13    Int:  9    God:
Gold:   106        SH:  0    Dex: 14    Spells: 2/2 levels left

rFire    . . .     SeeInvis .   a - +0 long sword
rCold    . . .     Faith    .   (no shield)
rNeg     . . .     Spirit   .   b - +0 leather armour
rPois    .         Reflect  .   c - +0 helmet
rElec    .         Harm     .   (no cloak)
rCorr    .                      t - +0 pair of gloves
MR       .....                  (no boots)
Stlth    +.........             (no amulet)
HPRegen  0.09/turn              (no ring)
MPRegen  0.08/turn              (no ring)

@: no status effects
A: rot immunity
a: no special abilities


You were on level 3 of the Dungeon.
You were not hungry.

You visited 1 branch of the dungeon, and saw 3 of its levels.

You collected 106 gold pieces.

Inventory:

Hand Weapons
 a - a +0 long sword (weapon)
Missiles
 d - 3 throwing nets (quivered)
Armour
 b - a +0 leather armour (worn)
 c - a +0 helmet (worn)
 t - a +0 pair of gloves (worn)
Jewellery
 l - an uncursed ring of see invisible {unknown}
 o - a +6 ring of strength {unknown}
 s - an uncursed ring of ice {unknown}
Scrolls
 e - a scroll of remove curse {unknown}
 g - 2 scrolls of teleportation {unknown}
 j - 7 scrolls of identify {unknown}
 n - a scroll of enchant weapon {unknown}
 p - 2 scrolls of amnesia {unknown}
 r - a scroll of blinking {unknown}
Potions
 h - a potion of flight {unknown}
 i - 2 potions of mutation {unknown}
 k - a potion of invisibility {unknown}
 m - a potion of lignification {unknown}
 q - a potion of curing {unknown}
Comestibles
 f - 9 rations


   Skills:
 + Level 2.6 Fighting
 + Level 3.1 Long Blades
 - Level 2.0 Throwing
 + Level 1.2 Armour
 + Level 3.1 Dodging


You had 2 spell levels left.
You didn't know any spells.
Your spell library was empty.

Dungeon Overview and Level Annotations

Branches:
Dungeon (3/15)

Altars:
Fedhas


Innate Abilities, Weirdness & Mutations

You are immune to rotting.


Message History

The orc wizard points at you and mumbles some strange words.
The puff of flame misses you. The orc misses you.
The orc wizard hits you but does no damage.
The orc completely misses you.
You riposte.
You slash the orc!
You kill the orc!
You hit the orc wizard but do no damage.
The orc wizard gestures at you while chanting.
The puff of frost hits you!
* * * LOW HITPOINT WARNING * * *
The orc wizard closely misses you. The orc hits you with a +0 mace.
* * * LOW HITPOINT WARNING * * *
You are too injured to fight recklessly!
Unknown command.
You are too injured to fight recklessly!
The orc wizard hits you but does no damage.
The orc wizard barely misses you.
There is a stone staircase leading up here.
The orc wizard closely misses you.
You riposte.
You barely miss the orc wizard.
The orc wizard hits you with a +0 dagger.
You die...

.. ... #.#
... #.#
.... #.#
..... #.#
.....###.#
.......#.#
#.@.###
##oo..#####
#oo)......
#.).......
#.........
#.........
#.........
.....=....
..........


You could see an orc wizard (fast) and 3 orcs.

Vanquished Creatures
  Robin (D:2)
  A worm (D:3)
  An orc (D:3)
  A ball python (D:1)
  2 bats
  2 giant cockroaches
  12 goblins
  4 hobgoblins
  2 jackals (D:1)
  4 kobolds (D:1)
  2 frilled lizards (D:1)
  6 rats
38 creatures vanquished.

Vanquished Creatures (others)
  4 toadstools (D:1)
4 creatures vanquished.

Grand Total: 42 creatures vanquished

Notes
Turn   | Place    | Note
-------+----------+-------------------------------------------
     0 | D:1      | BritishOli the Demonspawn Gladiator began the quest for the
                  | Orb.
     0 | D:1      | Reached XP level 1. HP: 16/16 MP: 1/1
   216 | D:1      | Gained mutation: You are immune to rotting. [demonic
                  | ancestry]
   216 | D:1      | Reached XP level 2. HP: 9/22 MP: 2/2
  1217 | D:2      | Noticed Robin
  1222 | D:2      | Reached XP level 3. HP: 25/28 MP: 3/3
  1228 | D:2      | Reached skill level 1 in Armour
  1240 | D:2      | Killed Robin
  1639 | D:2      | Found a blossoming altar of Fedhas.
  1970 | D:3      | HP: 1/28 [orc/+0 mace (4)]
  1973 | D:3      | Slain by an orc wizard

Illustrated notes

Levels and vault maps discovered:
D:1:      ldierk_walled_garden_2, layout_basic, st_stairs_7
D:2:      layout_loops_ring, fedhas_altar_4, uniq_robin
D:3:      layout_rooms, zin_purify, first_ration, corexii_leaking_fountain,
          minmay_cupped

Skill      XL: |  1  2  3 |
---------------+----------+-----
Throwing       | 2 |  2.0
Dodging        | 3 |  3.1
Long Blades    | 3 |  3.1
Armour         | 1 |  1.2
Fighting       | |  2.6

Action                   || total
-------------------------++-------
Melee: Long sword        ||    86
  Eat: Ration            ||     1
Armor: Leather armour    ||    32
Dodge: Dodged            ||    78
       Rpst.: Long sword ||    29

Table legend:
 A = Non-vault XP
 B = Vault XP
 C = Vault XP percentage of total XP
 D = Non-vault monster count
 E = Vault monster count
 F = Vault count percentage of total count
                 A         B        C        D         E       F
            +---------+---------+-------+---------+---------+-------
      Total |      45 |      35 |  43.8 |      25 |      13 |  34.2
            +---------+---------+-------+---------+---------+-------
        D:1 |      30 |       3 |   9.1 |      18 |       2 |  10.0
        D:2 |       7 |      32 |  82.1 |       5 |      11 |  68.8
        D:3 |       8 |       0 |   0.0 |       2 |       0 |   0.0
            +---------+---------+-------+---------+---------+-------
